 Dungeon Crawl Stone Soup version 0.22.0-38-g04b72b8 (webtiles) character file.

2610 Monsterracer the Cleaver (level 9, -3/81 HPs)
             Began as a Deep Dwarf Fighter on Aug 26, 2018.
             Was a Believer of Makhleb.
             Slain by an orc warrior
             ... wielding a +0 halberd of venom
              (13 damage)
             ... on level 8 of the Dungeon.
             The game lasted 00:03:44 (2575 turns).

Monsterracer the Cleaver (Deep Dwarf Fighter)       Turns: 2575, Time: 00:03:44

Health: -3/81      AC: 10    Str: 24    XL:     9   Next: 34%
Magic:  5/5        EV:  6    Int:  8    God:    Makhleb [**....]
Gold:   337        SH: 12    Dex: 12    Spells: 8/8 levels left

rFire    . . .     SeeInvis .   a - +0 war axe (chop)
rCold    . . .     Gourm    .   f - +1 shield
rNeg     . . .     Faith    .   m - +0 chain mail
rPois    .         Spirit   .   (no helmet)
rElec    .         Reflect  .   (no cloak)
rCorr    .         Harm     .   (no gloves)
MR       +....                  (no boots)
Stlth    ..........             (no amulet)
HPRegen  0.00/turn              l - ring of flight
MPRegen  0.09/turn              (no ring)

@: lethally poisoned (-3 -> -25), non-regenerating
A: damage resistance, heal wounds, sense surroundings 2, no regeneration
a: Heal Wounds, Minor Destruction, Renounce Religion, Evoke Flight


You were on level 8 of the Dungeon.
You worshipped Makhleb.
Makhleb was pleased with you.
You were hungry.

You visited 2 branches of the dungeon, and saw 9 of its levels.

You collected 337 gold pieces.

Inventory:

Hand Weapons
 a - a +0 war axe of chopping (weapon)
Armour
 f - a +1 shield (worn)
 m - a +0 chain mail (worn)
Jewellery
 l - a ring of flight (left hand)
Wands
 n - a wand of acid (6)
Scrolls
 k - 3 scrolls of remove curse
 p - a scroll of enchant armour
 q - a scroll of brand weapon
Potions
 b - a potion of mutation
 d - a potion of brilliance
 e - a potion of haste
 g - a potion of curing
 h - a potion of might
 i - a potion of flight
 j - 2 potions of ambrosia
 o - a potion of heal wounds {unknown}
 r - a potion of degeneration {unknown}
Comestibles
 c - 5 rations


   Skills:
 + Level 5.4 Fighting
 * Level 8.7 Axes
 + Level 6.7 Armour
 + Level 6.6 Shields
 + Level 5.6 Invocations


You had 8 spell levels left.
You didn't know any spells.
Your spell library was empty.

Dungeon Overview and Level Annotations

Branches:
Dungeon (8/15)             Temple (1/1) D:4
   Lair: D:8-11

Altars:
Ashenzari
Dithmenos
Elyvilon
Fedhas
Gozag
Kikubaaqudgha
Makhleb
Okawaru
Ru
Sif Muna
Trog
Uskayaw
Vehumet
Wu Jian
Xom
Yredelemnul
Zin
The Shining One

Shops:
D:5 }

Annotations:
D:7 exclusion: centaur


Innate Abilities, Weirdness & Mutations

You are resistant to damage.
You can heal yourself by infusing magical energy.
You passively map the area around you.
You do not regenerate.


Message History

The ball of steam hits you!
* * * LOW HITPOINT WARNING * * *
The orc warrior barely misses you. The orc hits you but does no damage.
You block the steam dragon's attack. x2
You take 11 damage, and have 18/81 hp.
You slice the steam dragon!!
You kill the steam dragon!
Makhleb accepts your kill.
You feel better.
The steam dragon scales are intact enough to wear.
You hit the orc.
* * * LOW HITPOINT WARNING * * *
You feel very sick.
The orc warrior hits you from afar with a halberd of venom!
* * * LOW HITPOINT WARNING * * *
The orc is engulfed in a cloud of scalding steam.
The orc hits you but does no damage.
You take 6 damage, and have 12/81 hp.
You feel much better.
You feel very sick.
The orc warrior hits you from afar with a halberd of venom.
You regained 29 hp, and now have 41/81 hp.
Your magical essence is drained by the effort!
You feel much better.
You feel very sick. You block the orc's attack.
You block the orc warrior's attack.
You regained 16 hp, and now have 57/81 hp.
You now have 5/5 mp.
You feel very sick. The orc hits you but does no damage.
Things that are here:
+0 steam dragon scales; a steam dragon corpse; a jackal corpse You take 3 damage, and have 54/81 hp.
Your shield and chain mail prevent you from hitting the orc warrior.
You hit the orc but do no damage.
You feel very sick.
The orc warrior hits you but does no damage.
You are more poisoned.
The orc hits you but does no damage.
You take 3 damage, and have 51/81 hp.
You hit the orc warrior.
The orc warrior is lightly wounded.
You closely miss the orc.
You feel very sick. You block the orc warrior's attack.
The orc closely misses you.
You take 4 damage, and have 47/81 hp.
You hit the orc warrior but do no damage.
The orc warrior is lightly wounded.
You hit the orc but do no damage.
You feel very sick.
The orc warrior hits you but does no damage.
The orc hits you but does no damage.
You take 3 damage, and have 44/81 hp.
You hit the orc warrior.
The orc warrior is moderately wounded.
You hit the orc but do no damage.
You feel very sick.
The orc warrior hits you with a halberd of venom!
You are more poisoned.
The orc barely misses you.
You take 11 damage, and have 33/81 hp.
You hit the orc warrior but do no damage.
The orc warrior is moderately wounded.
You hit the orc.
You kill the orc!
Makhleb accepts your kill.
You feel very sick. You block the orc warrior's attack.
You take 4 damage, and have 29/81 hp.
You closely miss the orc warrior.
The orc warrior is moderately wounded.
You feel very sick.
The orc warrior hits you but does no damage.
You are more poisoned.
You take 3 damage, and have 26/81 hp.
You hit the orc warrior.
The orc warrior is moderately wounded.
* * * LOW HITPOINT WARNING * * *
You feel very sick. You block the orc warrior's attack.
You take 4 damage, and have 22/81 hp.
You hit the orc warrior but do no damage.
The orc warrior is moderately wounded.
* * * LOW HITPOINT WARNING * * *
You feel very sick. The orc warrior closely misses you.
You take 3 damage, and have 19/81 hp.
You hit the orc warrior.
The orc warrior is heavily wounded.
* * * LOW HITPOINT WARNING * * *
You feel very sick.
The orc warrior hits you with a halberd of venom.
* * * LOW HITPOINT WARNING * * *
You are more poisoned.
You take 6 damage, and have 13/81 hp.
You fail to use your ability.
* * * LOW HITPOINT WARNING * * *
You feel very sick.
The orc warrior hits you with a halberd of venom!
You die...

, ,, , , * ** , * * ,
,,#.. , , * ,, , ,,, ,
#...* , .# ,., ** ,
#####...#####., .. , **
.............,, ... , ,
*............###.. , , ,*
* * ...............# ,,**
, ,* *..$.........o..#..#
,* ..........)@.....#*
###* **
#..###.....)....#####.. ,,
,.......†.).)#.........*
.##.........#.###...#### .
, ,
#...........####.....####.
#..........###............
#..[......##...#.........#
*
#............###.........#
* ,,
#..........#####.........#


You could see an orc warrior.

Vanquished Creatures
  Grinder (D:6)
  Sigmund (D:4)
  A steam dragon (D:8)
  3 ice beasts
  2 ogres
  A necrophage (D:8)
  A phantom (D:5)
  3 centaurs
  2 big kobolds (D:7)
  2 bullfrogs
  A scorpion (D:7)
  6 killer bees (D:8)
  2 howler monkeys
  2 crimson imps
  A centaur zombie (D:5)
  5 orc wizards
  An orc priest (D:3)
  A gnoll shaman (D:8)
  An iguana (D:5)
  A centaur skeleton (D:4)
  A worker ant (D:5)
  A killer bee zombie (D:5)
  A hound skeleton (D:5)
  10 adders
  6 gnolls
  An ooze (D:1)
  2 adder zombies (D:5)
  2 worms
  3 leopard geckos
  10 orcs
  2 giant cockroaches
  6 goblins
  4 hobgoblins
  7 jackals
  2 quokkas
  A ball python (D:4)
  5 bats
  A frilled lizard (D:2)
  A jackal skeleton (D:4)
  18 kobolds
  A leopard gecko skeleton (D:5)
  2 rats
125 creatures vanquished.

Notes
Turn   | Place    | Note
-------+----------+-------------------------------------------
     0 | D:1      | Monsterracer the Deep Dwarf Fighter began the quest for the Orb.
     0 | D:1      | Reached XP level 1. HP: 20/20 MP: 1/1
    89 | D:1      | Reached XP level 2. HP: 27/27 MP: 2/2
   206 | D:2      | Reached skill level 3 in Axes
   206 | D:2      | Reached XP level 3. HP: 26/34 MP: 3/3
   574 | D:3      | Reached XP level 4. HP: 26/42 MP: 4/4
   676 | D:4      | Found a white marble altar of Elyvilon.
   720 | D:4      | Found a basalt altar of Yredelemnul.
   751 | D:4      | Noticed Sigmund
   773 | D:4      | Reached skill level 4 in Axes
   773 | D:4      | Reached XP level 5. HP: 35/49 MP: 4/4
   778 | D:4      | Killed Sigmund
   778 | D:4      | Reached XP level 6. HP: 33/56 MP: 5/5
   781 | D:4      | Found a staircase to the Ecumenical Temple.
   790 | Temple   | Entered the Ecumenical Temple
   887 | Temple   | Became a worshipper of Makhleb the Destroyer
  1285 | D:4      | Reached skill level 5 in Axes
  1332 | D:4      | Reached skill level 1 in Invocations
  1470 | D:5      | Entered Level 5 of the Dungeon
  1517 | D:5      | Reached XP level 7. HP: 36/64 MP: 6/6
  1588 | D:5      | Reached skill level 5 in Armour
  1632 | D:5      | Reached skill level 6 in Axes
  1632 | D:5      | Reached skill level 5 in Shields
  1684 | D:5      | Reached * piety under Makhleb
  1771 | D:5      | Found Sesolig's Gadget Shoppe.
  1818 | D:5      | Reached XP level 8. HP: 35/73 MP: 8/8
  2062 | D:6      | Noticed Grinder
  2074 | D:6      | Paralysed by Grinder for 7 turns
  2084 | D:6      | Reached skill level 7 in Axes
  2084 | D:6      | Paralysed by Grinder for 2 turns
  2092 | D:6      | Killed Grinder
  2226 | D:7      | Reached skill level 5 in Fighting
  2297 | D:7      | Reached ** piety under Makhleb
  2355 | D:7      | Reached skill level 8 in Axes
  2406 | D:8      | Reached skill level 5 in Invocations
  2406 | D:8      | Gained mutation: You passively map the area around you. [Deep Dwarf growth]
  2406 | D:8      | Reached XP level 9. HP: 50/81 MP: 6/6
  2557 | D:8      | HP: 2/81 [orc warrior/halberd of venom (16)]
  2575 | D:8      | Slain by an orc warrior

Skill      XL: |  1  2  3  4  5  6  7  8 |
---------------+-------------------------+-----
Fighting       | 3 4 5 |  5.4
Axes           | 3 4 5 6 8 |  8.7
Armour         | 4 5 6 |  6.7
Shields        | 4 5 6 |  6.6
Invocations    | 1 3 5 |  5.6

Action                   |  1- 3 |  4- 6 |  7- 9 || total
-------------------------+-------+-------+-------++-------
Melee: War axe           |   117 |   100 |   312 ||   529
 Abil: Heal Wounds       |       |     3 |    16 ||    19
  Use: Scroll            |       |    11 |     4 ||    15
       Potion            |       |     1 |       ||     1
  Eat: Chunk             |       |     2 |     4 ||     6
Armor: Scale mail        |    55 |       |       ||    55
       Chain mail        |    13 |    53 |   173 ||   239
Dodge: Dodged            |    41 |    14 |   101 ||   156
Block: Shield            |    79 |    56 |   257 ||   392

Vault maps used:
D:1:      lemuel_arrival_lava_pool
D:2:      uniq_jessica, uniq_crazy_yiuf_cottage
D:3:      old_standard_altar, hellmonk_ghost_happy_afterlife
D:4:      kennysheep_ying_yang, minmay_temple_entry_butterflies,
          hangedman_feature_mirror, uniq_sigmund
D:5:      first_ration, serial_shops, nicolae_shop_trees, minivault_23,
          nzn_random_ring
D:6:      serial_shops, nicolae_shop_crystal, uniq_grinder
D:7:      nicolae_whirlpool, nicolae_overflow_hidden_temple, uniq_harold
D:8:      lemuel_coloured_pillars_altar, uniq_maurice, uniq_joseph
Temple:   eino_temple_rhombus
